 Dungeon Crawl Stone Soup version 0.29.1-1-gd02db6906a (webtiles) character file.

Game seed: 31058012480171484

515 fireball365 the Chopper (level 7, -4/60 HPs)
             Began as a Minotaur Fighter on Oct 18, 2022.
             Was a Priest of Makhleb.
             Killed by divine providence
             ... invoked by an orc priest
              (13 damage)
             ... on level 4 of the Dungeon.
             The game lasted 00:12:39 (3456 turns).

fireball365 the Chopper (Minotaur Fighter)          Turns: 3456, Time: 00:12:39

Health: -4/60      AC:  8    Str: 21    XL:     7   Next: 0%
Magic:  6/6        EV: 10    Int:  5    God:    Makhleb [***...]
Gold:   120        SH:  0    Dex: 11    Spells: 6/6 levels left

rFire   . . .      SeeInvis .   e - +0 halberd
rCold   . . .      Faith    .   (shield currently unavailable)
rNeg    . . .      Spirit   .   b - +0 scale mail
rPois   .          Reflect  .   (helmet restricted)
rElec   .          Harm     .   s - +0 cloak
rCorr   .          Rampage  .   (no gloves)
Will    .....                   (no boots)
Stlth   ..........              g - amulet of regeneration
HPRegen 1.00/turn               (no ring)
MPRegen 0.10/turn               (no ring)

@: no status effects
A: horns 2, retaliatory headbutt
a: Renounce Religion, Minor Destruction, Lesser Servant of Makhleb


You were on level 4 of the Dungeon.
You worshipped Makhleb.
Makhleb was most pleased with you.
You visited 1 branch of the dungeon, and saw 4 of its levels.

You collected 120 gold pieces.

Inventory:

Hand Weapons
 a - a +0 war axe
 e - a +0 halberd (weapon)
 y - a +0 antimagic hand axe
Missiles
 i - 16 stones (quivered)
 q - 2 javelins
 t - 8 boomerangs
Armour
 b - a +0 scale mail (worn)
 c - a +0 buckler
 s - a +0 cloak (worn)
Magical Staves
 r - a staff of poison
 v - a staff of poison
Jewellery
 g - an amulet of regeneration (around neck)
Wands
 l - a wand of iceblast (6)
Scrolls
 j - a scroll of noise {unknown}
 k - a scroll of enchant weapon {unknown}
 n - a scroll of torment {unknown}
 o - a scroll of immolation {unknown}
 p - a scroll of poison
 u - a scroll of teleportation {unknown}
Potions
 d - a potion of might
 f - 2 potions of lignification
 h - 3 potions of brilliance
 m - a potion of attraction {unknown}
 w - 2 potions of cancellation
 x - a potion of mutation {unknown}


   Skills:
 + Level 4.3 Fighting
 * Level 6.4 Axes
 + Level 0.6(4.0) Polearms
 + Level 5.8 Armour
 + Level 1.9 Dodging
 + Level 0.4 Stealth
 + Level 4.3 Shields
 + Level 0.1 Evocations


You had 6 spell levels left.
You didn't know any spells.
Your spell library contained the following spells:

 Spells                   Type           Power      Damage    Failure   Level
 Stone Arrow              Conj/Erth      0%         3d7       99%         3
 Animate Armour           Summ/Erth      0%         N/A       100%        4
 Lehudib's Crystal Spear  Conj/Erth      0%         10d2      100%        8


Dungeon Overview and Level Annotations

Branches:
Dungeon (4/15)
 Temple: D:4-7

Altars:
Makhleb
The Shining One


Innate Abilities, Weirdness & Mutations

You have a pair of horns on your head.
You reflexively headbutt those who attack you in melee.


Message History

You miss something. Something hits you.
The orc priest hits you but does no damage.
The orc closely misses you.
The orc priest hits you but does no damage.
You barely miss something. Your headbutt misses something.
Something hits you but does no damage.
The orc priest calls down the wrath of Beogh upon you.
Beogh smites you!
* * * LOW HITPOINT WARNING * * *
The orc priest hits you but does no damage.
The orc barely misses you. You furiously retaliate!
You headbutt the orc!
You kill the orc!
Makhleb accepts your kill.
You can now summon a lesser servant of Makhleb.
Something hits you but does no damage. The orc priest hits you with a +0 club.
* * * LOW HITPOINT WARNING * * *
The orc priest hits you but does no damage.
Read: 2 scrolls of poison
Press: ? - help, Q - select action, (/) - cycle Dir - look around, f - activate The air fills with toxic fumes!
As you read the scroll of poison, it crumbles to dust.
The orc priest hits you but does no damage.
The orc priest hits you with a +0 club.
* * * LOW HITPOINT WARNING * * *
You hear some strange, mumbled words.
Something tries to affect you, but you resist.
Aiming: Iceblast
Press: ? - help, Q - select action, (/) - cycle Shift-Dir - straight line The mass of ice explodes!
The iceblast engulfs the orc priest!
The orc priest is almost dead.
The iceblast engulfs the orc priest!
The orc priest is almost dead.
The orc priest looks satisfied for a moment.
The orc priest hits you but does no damage.
Something hits you but does no damage.
You barely miss the orc priest.
The orc priest is almost dead.
The orc priest mumbles some strange prayers to Beogh against you.
Beogh smites you!
You die...

.#...# .#...#
#§§§§§§§§# .'...#
+§§§§§§§§# .###'####
#§§§§§§§§#
........#####§§§§§§§§#
........#...#§§§§§§§§#
........#...#§§§§§§§§#
#.......#...#§§o.§§§§#
#.......'...#§§§@§§§§#
#.......#...#§§o§§§§§#
#.......#...#§§§§§§§§#
#.......#...#§§§§§§§§+
#.......##'##§§§§§§§§##
#######.....§§§§§§§§§§#
......#....§§§§§§§§§§§+
......#...§§§§§§§§§§§§#
......#...............#


You could see 2 orc priests.

Vanquished Creatures
  Grinder (D:4)
  A phantom (D:4)
  2 hounds (D:4)
  An iguana (D:4)
  3 gnolls (D:4)
  5 adders
  A worm (D:2)
  3 dart slugs
  7 orcs
  7 endoplasms
  2 giant cockroaches
  10 goblins
  6 hobgoblins
  7 jackals
  7 ball pythons
  6 bats
  3 frilled lizards (D:2)
  4 kobolds
  4 rats
80 creatures vanquished.

Vanquished Creatures (others)
  5 fungi (D:1)
  A plant (D:1)
6 creatures vanquished.

Grand Total: 86 creatures vanquished

Notes
Turn   | Place    | Note
-------+----------+-------------------------------------------
     0 | D:1      | fireball365 the Minotaur Fighter began the quest for the
                  | Orb.
     0 | D:1      | Reached XP level 1. HP: 19/19 MP: 0/0
   179 | D:1      | Found a faded altar of an unknown god.
   188 | D:1      | Reached XP level 2. HP: 26/27 MP: 1/1
   252 | D:1      | Prayed at the altar of an unknown god.
   252 | D:1      | Became a worshipper of Makhleb the Destroyer
   252 | D:1      | Reached * piety under Makhleb
   848 | D:2      | Reached skill level 3 in Axes
   863 | D:2      | Reached XP level 3. HP: 33/33 MP: 2/2
  1040 | D:2      | Reached skill level 1 in Dodging
  1164 | D:2      | Found a glowing golden altar of the Shining One.
  1238 | D:2      | Reached ** piety under Makhleb
  1766 | D:3      | Reached XP level 4. HP: 38/40 MP: 3/3
  2229 | D:3      | Reached skill level 4 in Axes
  2642 | D:4      | Noticed a phantom
  2662 | D:4      | Killed a phantom
  2663 | D:4      | Reached XP level 5. HP: 35/46 MP: 4/4
  2845 | D:4      | Reached skill level 5 in Axes
  2897 | D:4      | Reached skill level 5 in Armour
  2920 | D:4      | Reached XP level 6. HP: 11/52 MP: 5/5
  2975 | D:4      | Noticed Grinder
  2975 | D:4      | Paralysed by Grinder for 4 turns
  2982 | D:4      | Paralysed by Grinder for 5 turns
  2998 | D:4      | Killed Grinder
  2999 | D:4      | Reached skill level 6 in Axes
  3357 | D:4      | Reached XP level 7. HP: 57/60 MP: 4/6
  3453 | D:4      | Reached *** piety under Makhleb
  3456 | D:4      | Killed from afar by an orc priest

Illustrated notes

Levels and vault maps discovered:
D:1:      eino_arrival_cavern_b, layout_basic,
          shapermc_ecumenical_altar_acropolis
D:2:      layout_loops_ring, basic_altar, minmay_misc_feat_ornament
D:3:      layout_loops_ring, minmay_stone_trees_small, reono_crystal_passage,
          nicolae_figureground_sparkle
D:4:      layout_gridville, uniq_grinder

Skill      XL: |  1  2  3  4  5  6 |
---------------+-------------------+-----
Shields        | 4 |  4.3
Axes           | 3 4 5 6 |  6.4
Armour         | 4 5 |  5.8
Dodging        | 1 |  1.9
Fighting       | 4 |  4.3
Polearms       | |  0.6
Stealth        | |  0.4
Evocations     | |  0.1

Action                   |  1- 3 |  4- 6 |  7- 9 || total
-------------------------+-------+-------+-------++-------
Melee: War axe           |   109 |    46 |       ||   155
       Headbutt          |    13 |    10 |       ||    23
       Halberd           |       |    32 |     4 ||    36
Evoke: Wand              |       |     2 |     1 ||     3
  Use: Scroll            |       |     5 |     1 ||     6
       Potion            |       |     2 |       ||     2
Armor: Scale mail        |    72 |    47 |    13 ||   132
Dodge: Dodged            |    93 |    54 |     2 ||   149
Block: Buckler           |    35 |    12 |       ||    47
